cohdb
Replays
Latest Replays
All Replays
Popular Replays
Top Player Replays
Match Explorer
How It Works
Community
CoH3 Stats
Reddit
Sign in to upload your games and track your stats! →
Sign in with Steam
Match 44039319
Unlisted
Match 44039319
Overview
Messages
Build Orders
End
Construct Barracks
Selects Heavy Weapons
Riflemen Squad
Riflemen Squad
1⁄4-ton 4x4 Truck
Grenade Package
Riflemen Squad
Selects Assault Carriers
Construct Medical Station
Construct Medical Station
Construct Weapon Support Center
Bazooka Squad
Selects Exchangeable Parts
Infantry Support Center
Bazooka Squad
Advanced Logistics
M1918 Browning Automatic Rifles
M3 Assault Carrier
Bazooka Squad
M3 Assault Carrier
Engineer Squad
Survival Training
Construct Motor Pool
1⁄4-ton 4x4 Truck
M1 Anti-tank Gun Team
Munitions Surplus
Demolitions Package
LoCo|StetoGuy
Frühstück
lem22
HulkSMASH
Brothers in Trenches
dobRi3000
0
0
Comments
sign in to comment!
No comments posted yet!